 Dungeon Crawl Stone Soup version 0.31-a0-705-ga145531891 (webtiles) character file.

Game seed: 1434312927753617721

42 Bravepunisher the Ducker (level 3, -6/19 HPs)
             Began as a Spriggan Monk on Sept 9, 2023.
             Mangled by an ice beast (10 damage)
             ... on level 6 of the Dungeon.
             The game lasted 00:03:45 (731 turns).

Bravepunisher the Ducker (Spriggan Monk)             Turns: 731, Time: 00:03:45

Health: -6/19      AC:  2    Str:  7    XL:     3   Next: 35%
Magic:  4/4        EV: 20    Int: 11    God:
Gold:   37         SH:  0    Dex: 19    Spells: 2/2 levels left

rFire   . . .        a - +0 short sword
rCold   . . .        d - orb {light}
rNeg    . . .        b - +0 robe
rPois   .            (helmet restricted)
rElec   .            (no cloak)
rCorr   .            (gloves unavailable)
SInv    +            (boots unavailable)
Will    .....        (no amulet)
Stlth   +            (no ring)
HPRegen 0.23/turn    (no ring)
MPRegen 0.09/turn

%: no passive effects
@: glowing, very quick
A: very small, no large weapons, unfitting armour, see invisible, speed 3
a: no special abilities


You were on level 6 of the Dungeon.
You visited 1 branch of the dungeon, and saw 6 of its levels.

You collected 37 gold pieces.

Inventory:

Hand Weapons
 a - a +0 short sword (weapon)
Armour
 b - a +0 robe (worn)
 d - an orb of light (worn)
Jewellery
 g - a ring of flight
Wands
 h - a wand of iceblast (8)
Scrolls
 f - a scroll of teleportation {unknown}
 k - a scroll of immolation {unknown}
 l - a scroll of blinking {unknown}
 m - a scroll of silence {unknown}
 n - a scroll of identify {unknown}
Potions
 c - a potion of ambrosia
 e - a potion of heal wounds {unknown}
 i - 2 potions of degeneration {unknown}
 j - a potion of attraction {unknown}
 o - a potion of invisibility {unknown}
 p - a potion of mutation {unknown}


   Skills:
 + Level 2.9 Fighting
 - Level 3.5 Short Blades
 * Level 5.1 Dodging


You had 2 spell levels left.
You didn't know any spells.
Your spell library contained the following spells:

 Spells                   Type           Power      Damage    Failure   Level
 Necrotise                Necr           0%         1d4       34%         1
 Vampiric Draining        Necr           0%         2d6       71%         3
 Vhi's Electric Charge    Tloc/Air       0%         N/A       98%         4
 Agony                    Necr           0%         N/A       100%        5
 Arcjolt                  Conj/Air       0%         1d10      100%        5
 Plasma Beam              Fire/Air       0%         2x1d10    100%        6


Dungeon Overview and Level Annotations

Branches:
Dungeon (6/15)
 Temple: D:4-7

Altars:

Annotations:
D:3 3 runed translucent doors, Ofeo's ghost, amateur DsSh


Innate Abilities, Weirdness & Mutations

You are very small and have problems with some larger weapons.
You are too small for most types of armour.
You have supernaturally acute eyesight. (SInv)
You cover ground extremely quickly. (Speed+++)


Message History

There is an open door here.
Found 9 gold pieces.
You open the door.
There is an open door here.
A water moccasin comes into view.
The water moccasin bites you!
The water moccasin completely misses you.
A black bear comes into view.
The black bear growls angrily.
You open the door.
An ice beast comes into view.
You open the door.
Found a club.
There is an open door here.
The ice beast attacks as it pursues you!
The ice beast hits you. The ice beast freezes you!
Ouch! That really hurt!
* * * LOW HITPOINT WARNING * * *
The water moccasin misses you. The ice beast barely misses you.
You hit the ice beast.
The ice beast is lightly wounded.
The water moccasin barely misses you.
You hit the ice beast.
The ice beast is lightly wounded.
The water moccasin barely misses you. The ice beast barely misses you.
You hit the ice beast.
The ice beast is lightly wounded.
The water moccasin closely misses you. The ice beast misses you.
You hit the ice beast but do no damage.
The ice beast is lightly wounded.
The water moccasin closely misses you. The ice beast closely misses you.
The water moccasin barely misses you.
You hit the ice beast but do no damage.
The ice beast is lightly wounded.
The water moccasin bites you but does no damage.
The ice beast hits you.
* * * LOW HITPOINT WARNING * * *
The ice beast freezes you!
Ouch! That really hurt!
You die...

..≈.# ..... #####
.#............#
..............#
≈.............#
...#..........# .#.#..
......###########
....######'##...........#
..≈.........#.hY@.).....#
#.....h.....'..S........#
..≈.#...##..#...........#
....#...#################
.#.#...... ...#........
≈..#.........
...+.........
...#.........


You could see a water moccasin, a black bear and an ice beast.

Vanquished Creatures
  A hound (D:5)
  An orc (D:4)
  A bat (D:2)
  An endoplasm (D:4)
  A goblin (D:2)
  A hobgoblin (D:2)
  4 jackals (D:5)
10 creatures vanquished.

Notes
Turn   | Place    | Note
-------+----------+-------------------------------------------
     0 | D:1      | Bravepunisher the Spriggan Monk began the quest for the
                  | Orb.
     0 | D:1      | Reached XP level 1. HP: 11/11 MP: 2/2
   253 | D:3      | Found a runed translucent gate.
   253 | D:3      | Found a runed translucent gate.
   253 | D:3      | Found a runed translucent gate.
   253 | D:3      | Noticed Ofeo's ghost (amateur DsSh)
   253 | D:3      | Noticed a water moccasin zombie
   413 | D:4      | Noticed an orc priest
   417 | D:5      | Entered Level 5 of the Dungeon
   487 | D:5      | Reached XP level 2. HP: 16/16 MP: 3/3
   618 | D:5      | Reached skill level 5 in Dodging
   618 | D:5      | Reached XP level 3. HP: 19/19 MP: 4/4
   619 | D:5      | Noticed an ice beast
   684 | D:6      | Noticed a water moccasin
   700 | D:6      | Noticed a black bear
   714 | D:6      | Noticed an ice beast
   731 | D:6      | Mangled by an ice beast

Illustrated notes

Levels and vault maps discovered:
D:1:      minmay_arrival_arboretum_small, layout_rooms, minmay_heptomino_l4
D:2:      layout_loops_ring, chequers_serial_rivers_micro_a, serial_park_tiny_1,
          serial_bayou_crossing
D:3:      layout_basic, mainiacjoe_overflow_alcove_1, portal_sewer_entry_a,
          gammafunk_ghost_necromancy, kennysheep_generic_room_3
D:4:      layout_basic, grunt_qazlal_clouds, minmay_misc_feat_roman,
          nrook_uturn, nicolae_titane
D:5:      layout_loops_ring, elyvilon_altar_1, cheibrodos_ashenzari_chains,
          kennysheep_pointless_box
D:6:      layout_gridville, minmay_temple_entry_statues, serial_shops,
          nicolae_shop_industrial_runoff, nicolae_kite_square_tiling_tiny,
          uniq_sigmund

Skill      XL: |  1  2 |
---------------+-------+-----
Dodging        | 5 |  5.1
Fighting       | |  2.9
Short Blades   | |  3.5

Action                     || total
---------------------------++-------
  Melee: Short sword       ||    65
 Armour: Robe              ||    17
  Dodge: Dodged            ||    53

Table legend: (Time is in decaauts)
 A = Elapsed time spent in this place.
 B = Non-inter-level travel time spent in this place.
 C = Inter-level travel time spent in this place.
 D = Time resting spent in this place.
 E = Time spent auto-exploring this place.
 F = Levels seen in this place.
 G = Mean time per level.
                   A        B        C        D        E       F      G
               +--------+--------+--------+--------+--------+-----+--------+
         Total |    506 |    506 |      0 |     45 |    208 |   6 |   84.3 |
       Dungeon |    506 |    506 |      0 |     45 |    208 |   6 |   84.3 |
               +--------+--------+--------+--------+--------+-----+--------+

Top non-repeatable levels by time:
     D:5: 119 daAuts
     D:2: 101 daAuts
     D:3: 101 daAuts
     D:6: 89 daAuts
     D:4: 75 daAuts
     D:1: 18 daAuts
